 Dungeon Crawl Stone Soup version 0.30-a0-218-gedb9141078 (webtiles) character file.

Game seed: 7496004361655306488

16366 Essalna the Fighter (level 12, -1/119 HPs)
             Began as an Armataur Berserker on Oct 5, 2022.
             Was a High Priest of Trog.
             Incinerated by a deep elf pyromancer (7 damage)
             ... with a sticky flame
             ... on level 12 of the Dungeon.
             The game lasted 00:20:26 (11940 turns).

Essalna the Fighter (Armataur Berserker)           Turns: 11940, Time: 00:20:26

Health: -1/119     AC: 14    Str: 28    XL:     12   Next: 9%
Magic:  12/12      EV:  8    Int:  8    God:    Trog [*****.]
Gold:   532        SH:  7    Dex:  9    Spells: 11/11 levels left

rFire   x . .      SeeInvis +    I - +5 morningstar (protect)
rCold   + + .      Faith    .    i - +0 buckler
rNeg    . . .      Spirit   .    p - +0 ice dragon scales
rPois   .          Reflect  +    (no helmet)
rElec   .          Harm     .    P - +2 cloak
rCorr   .          Roll     +    (no gloves)
Will    +....                    (no barding)
Stlth   ..........               f - amulet of reflection
HPRegen 0.39/turn                L - ring of see invisible
MPRegen 0.13/turn                E - ring of willpower

@: on fire, corroded, under a protective aura, glowing
A: large, rugged brown scales 3, deformed body, armoured tail, roll, long
tongue, awkward tongue
a: Renounce Religion, Berserk, Trog's Hand, Brothers in Arms


You were on level 12 of the Dungeon.
You worshipped Trog.
Trog was extremely pleased with you.
You visited 1 branch of the dungeon, and saw 12 of its levels.

You collected 655 gold pieces.
You spent 123 gold pieces at shops.

Inventory:

Hand Weapons
 a - a +0 mace
 F - a +0 flail of protection
 H - a +0 vorpal morningstar
 I - a +5 morningstar of protection (weapon)
 K - a +4 antimagic dire flail
Armour
 i - a +0 buckler (worn)
 p - +0 ice dragon scales (worn)
 q - a +0 cloak
 M - a +0 troll leather armour
 P - a +2 cloak (worn)
Jewellery
 d - an amulet of guardian spirit
 f - an amulet of reflection (around neck)
 u - a ring of fire
 w - a ring of resist corrosion
 E - a ring of willpower (right hand)
 L - a ring of see invisible (left hand)
Wands
 j - a wand of flame (10)
 o - a wand of paralysis (30)
 x - a wand of light (8)
 y - a wand of polymorph (1)
 z - a wand of mindburst (8)
 O - a wand of iceblast (11)
Scrolls
 e - 2 scrolls of immolation
 m - 5 scrolls of teleportation
 v - 3 scrolls of magic mapping
 A - 3 scrolls of blinking
 B - 2 scrolls of poison
 C - a scroll of brand weapon
 G - 6 scrolls of identify
 J - 2 scrolls of enchant weapon {unknown}
 N - a scroll of butterflies {unknown}
Potions
 b - a potion of ambrosia
 c - 3 potions of curing {unknown}
 g - 3 potions of might
 h - a potion of mutation {unknown}
 k - a potion of brilliance
 l - 2 potions of degeneration {unknown}
 n - 5 potions of heal wounds {unknown}
 r - a potion of magic {unknown}
 s - 5 potions of lignification {unknown}
 t - 3 potions of resistance {unknown}
 D - 3 potions of attraction {unknown}


   Skills:
 + Level 12.2 Fighting
 + Level 12.2 Maces & Flails
 - Level 10.0 Armour
 - Level 1.3 Dodging


You had 11 spell levels left.
You didn't know any spells.
Your spell library was empty.

Dungeon Overview and Level Annotations

Branches:
Dungeon (12/15)            Temple (0/1) D:4            Lair (0/5) D:9
    Orc (0/2) D:11

Altars:
Elyvilon
Gozag
Hepliaklqana
Kikubaaqudgha
Makhleb
Ru
Trog
Vehumet
Wu Jian
Xom
Yredelemnul
Zin
The Shining One

Shops:
D:2 ::!*   D:10 *   D:11 (

Annotations:
D:9 2 transporters
D:12 Rupert


Innate Abilities, Weirdness & Mutations

You are completely covered in rugged brown scales. (AC +3, +7% HP)
Armour fits poorly on your strangely shaped body.
You have a long armoured tail.
You roll when moving toward enemies. (Rampage)
Your long tongue fully drains potion bottles. (2x potion effects)
Your tongue gives you trouble enunciating. (1.5x scroll delay)


Message History

The acid dragon barely misses you. You block the acid dragon's attack.
You closely miss the acid dragon.
The acid dragon is moderately wounded.
A vampire mosquito comes into view.
The acid dragon bites you but does no damage.
The acid dragon completely misses you.
As you read the scroll of teleportation, it crumbles to dust.
You feel strangely unstable.
A vampire mosquito comes into view.
The vampire mosquito bites you but does no damage. x2
The cyclops throws a large rock.
The large rock hits you!!
The vampire mosquito bites you but does no damage.
Your surroundings suddenly seem different.
A deep elf pyromancer comes into view. It is wielding a +0 dagger.
Found a wand of flame (12).
Found a stone staircase leading up and a stone staircase leading down.
You roll towards the deep elf pyromancer!
You completely miss the deep elf pyromancer.
Your tail-slap misses the deep elf pyromancer.
The deep elf pyromancer casts a spell at you.
The sticky flame hits you! The fire burns you terribly!
You are covered in liquid flames!
You bludgeon the deep elf pyromancer!!
Your weapon exudes an aura of protection.
The deep elf pyromancer is heavily wounded.
You are covered in liquid flames!
You closely miss the deep elf pyromancer.
The deep elf pyromancer is heavily wounded.
You are covered in liquid flames!
The deep elf pyromancer gestures at you while chanting.
The bolt of fire hits you!!! The fire burns you terribly!
* * * LOW HITPOINT WARNING * * *
You puncture the deep elf pyromancer!
The deep elf pyromancer is almost dead.
You are covered in liquid flames!
* * * LOW HITPOINT WARNING * * *
The deep elf pyromancer gestures wildly while chanting.
The deep elf pyromancer blinks!
You are covered in liquid flames!
You die...

..#......#
.#......# #
.......e#.#
.........
#####/.....#
#.......>..#
#......#
#<@....#
#.###### #.
#. #. #. #.
#.


You could see a deep elf pyromancer.

Vanquished Creatures
  Erolcha (D:9)
  A hydra (D:12)
  A centaur warrior (D:9)
  A two-headed ogre (D:5)
  An ugly thing (D:11)
  A cyclops (D:7)
  Maurice (D:12)
  An unseen horror zombie (D:9)
  4 kobold demonologists
  7 trolls
  Grinder (D:5)
  30 yaks
  A wraith (D:11)
  A shadow (D:11)
  2 steam dragons
  The ghost of Decritt7 the Trooper, an amateur GrFi (D:4)
  2 acid dragons
  3 water moccasins (D:7)
  A hornet zombie (D:9)
  2 orc warriors
  A black bear (D:7)
  3 ice beasts
  7 centaurs
  An ogre (D:5)
  2 phantoms
  Blork the orc (D:3)
  3 kobold brigands
  4 bullfrogs
  A gnoll sergeant (D:9)
  A necrophage (D:8)
  8 scorpions
  12 wights
  A killer bee (D:10)
  3 centaur zombies (D:9)
  A human zombie (D:9)
  6 hounds
  5 orc priests
  6 orc wizards
  5 iguanas
  Natasha (thrice) (D:4)
  A killer bee zombie (D:9)
  A scorpion simulacrum (D:4)
  2 mummies (D:9)
  13 adders
  8 gnolls
  3 hound simulacra (D:4)
  2 shadow imps (D:6)
  3 white imps
  2 ufetubi
  4 worms
  A dart slug (D:1)
  An adder simulacrum (D:4)
  30 orcs
  7 endoplasms
  4 giant cockroaches
  3 goblins
  11 hobgoblins
  10 jackals
  3 quokkas
  10 ball pythons
  14 bats
  2 frilled lizards (D:1)
  A jackal simulacrum (D:4)
  14 kobolds
  10 rats
297 creatures vanquished.

Vanquished Creatures (others)
  6 fungi (D:11)
6 creatures vanquished.

Grand Total: 303 creatures vanquished

Notes
Turn   | Place    | Note
-------+----------+-------------------------------------------
     0 | D:1      | Essalna the Armataur Berserker began the quest for the Orb.
     0 | D:1      | Reached XP level 1. HP: 19/19 MP: 1/1
    84 | D:1      | Reached XP level 2. HP: 26/26 MP: 2/2
   210 | D:1      | Found a faded altar of an unknown god.
   509 | D:1      | Reached XP level 3. HP: 33/33 MP: 3/3
   655 | D:1      | Reached ** piety under Trog
   705 | D:2      | Found Xoom's Book Boutique.
   747 | D:2      | Found Ageaxt's Book Shop.
  1021 | D:2      | Reached XP level 4. HP: 35/40 MP: 4/4
  1055 | D:2      | Found Waach's Distillery.
  1110 | D:2      | Found a bloodstained altar of Trog.
  1171 | D:2      | Found Raro's General Store.
  1517 | D:3      | Reached *** piety under Trog
  1691 | D:3      | Found a white marble altar of Elyvilon.
  1704 | D:3      | Identified the +0 cloak of Elyvilon's Wrath {rPois Dex+2
                  | Slay-2}
  1808 | D:3      | Reached XP level 5. HP: 49/49 MP: 5/5
  1861 | D:3      | Found a sacrificial altar of Ru.
  2237 | D:4      | Noticed Blork the orc
  2244 | D:3      | Killed Blork the orc
  2279 | D:4      | Found a runed translucent gate.
  2279 | D:4      | Found a runed translucent gate.
  2279 | D:4      | Found a runed translucent gate.
  2288 | D:4      | Reached XP level 6. HP: 55/55 MP: 4/6
  2306 | D:4      | Found a burning altar of Makhleb.
  2355 | D:4      | Found a staircase to the Ecumenical Temple.
  2421 | D:4      | Reached skill level 5 in Armour
  2850 | D:4      | Identified the +1 rapier "Fijot" {freeze, *Rage Str+3 Dex+3
                  | SInv Stlth+}
  2917 | D:4      | Noticed Natasha
  2923 | D:4      | Reached XP level 7. HP: 47/64 MP: 5/7
  2926 | D:4      | Killed Natasha
  2995 | D:4      | Noticed Natasha
  3002 | D:4      | Killed Natasha
  3010 | D:4      | Noticed Decritt7's ghost (amateur GrFi)
  3022 | D:4      | Found a hazy altar of Hepliaklqana.
  3051 | D:4      | Noticed Natasha
  3057 | D:4      | Killed Natasha
  3224 | D:4      | Reached skill level 5 in Fighting
  3227 | D:4      | Reached skill level 5 in Maces & Flails
  3262 | D:4      | Killed Decritt7's ghost
  3502 | D:5      | Entered Level 5 of the Dungeon
  3528 | D:5      | Reached **** piety under Trog
  3712 | D:5      | Identified the +7 short sword "Utzig" {vorpal, *Noise
                  | +Blink rPois Str+4}
  3829 | D:5      | You fall into a shaft and drop 1 floor!
  3984 | D:6      | Reached XP level 8. HP: 62/73 MP: 8/8
  4479 | D:6      | Found a glowing silver altar of Zin.
  4638 | D:5      | Noticed Grinder
  4642 | D:5      | Paralysed by Grinder for 5 turns
  4664 | D:5      | Killed Grinder
  4962 | D:5      | Noticed a two-headed ogre
  4971 | D:5      | Killed a two-headed ogre
  4972 | D:5      | Reached XP level 9. HP: 38/84 MP: 9/9
  6684 | D:7      | Found a radiant altar of Vehumet.
  6755 | D:7      | Found an ornate altar of the Wu Jian Council.
  6939 | D:7      | Noticed a cyclops
  6945 | D:7      | Killed a cyclops
  6946 | D:7      | Reached skill level 10 in Armour
  7107 | D:8      | Reached ***** piety under Trog
  7248 | D:2      | Bought a scroll of brand weapon for 123 gold pieces
  7478 | D:8      | Reached XP level 10. HP: 94/94 MP: 10/10
  7623 | D:8      | Found a glowing golden altar of the Shining One.
  7624 | D:8      | Found an ancient bone altar of Kikubaaqudgha.
  7624 | D:8      | Found a shimmering altar of Xom.
  7910 | D:9      | Found a staircase to the Lair.
  7966 | D:9      | Noticed a centaur warrior
  8132 | D:9      | Killed a centaur warrior
  8161 | D:9      | Found an opulent altar of Gozag.
  8210 | D:9      | Noticed Erolcha
  8221 | D:9      | Killed Erolcha
  8352 | D:9      | Found a transporter.
  8396 | D:9      | Received a gift from Trog
  8635 | D:9      | Found a transporter.
  8655 | D:9      | Reached skill level 10 in Fighting
  8655 | D:9      | Reached skill level 10 in Maces & Flails
  8853 | D:9      | Found a basalt altar of Yredelemnul.
  8914 | D:9      | Reached XP level 11. HP: 105/105 MP: 11/11
  8950 | D:10     | Entered Level 10 of the Dungeon
  8950 | D:10     | Found Pywiewom's General Store.
 10503 | D:11     | Found a staircase to the Orcish Mines.
 10649 | D:11     | Found Deklats's Antique Weapon Boutique.
 10712 | D:11     | Noticed a purple ugly thing
 10722 | D:11     | Killed a purple ugly thing
 11537 | D:12     | Noticed Maurice
 11549 | D:12     | Killed Maurice
 11580 | D:12     | Noticed a five-headed hydra
 11594 | D:12     | Killed a five-headed hydra
 11595 | D:12     | Reached XP level 12. HP: 119/119 MP: 12/12
 11929 | D:12     | Noticed Rupert
 11939 | D:12     | HP: 5/119 [burnt (3)]
 11940 | D:12     | Incinerated by a deep elf pyromancer

Illustrated notes

Levels and vault maps discovered:
D:1:      evilmike_arrival_plus, layout_basic,
          ebering_ecumenical_altar_petrified
D:2:      layout_rooms, serial_shops, shop, nicolae_shop_waterfront, shop,
          shop_fountains, basic_altar
D:3:      layout_rooms, mainiacjoe_overflow_24_doors,
          nicolae_ru_sacrificial_ziggurat, serial_rivers,
          chequers_serial_rivers_small_b, chequers_serial_rivers_micro_b,
          chequers_serial_rivers_micro_b, chequers_serial_rivers_large_b,
          chequers_serial_rivers_large_a, chequers_serial_rivers_micro_c,
          grunt_ministairs_14, minmay_misc_feat_x
D:4:      layout_gridville, worldfamousw_hep_ancestral_shrine, bloody_makhleb,
          minmay_temple_entry_hall, gammafunk_ghost_icy, grunt_ministairs_10,
          uniq_blork_the_orc, uniq_natasha
D:5:      layout_basic, grunt_ministairs_7, kennysheep_small_square,
          uniq_grinder
D:6:      layout_layer_cave, zin_treasury, nrook_uturn
D:7:      layout_loops_ring, nzn_wu_jian_contemplation, nicolae_vehumet_radiance
D:8:      layout_rooms, minitemple
D:9:      gammafunk_steamed_eel, layout_cave_pools,
          lemuel_mausoleum_altar_yredelemnul, mainiacjoe_overflow_paths,
          lair_entry_dummy, uniq_erolcha
D:10:     layout_irregular_city, serial_shops, nicolae_shop_hallway_plus,
          kennysheep_generic_room_15
D:11:     old_forge, layout_irregular_city, orc_0_dummy, serial_shops,
          nicolae_shop_overgrown_old_shop
D:12:     layout_basic, uniq_rupert, uniq_maurice

Skill      XL: |  1  2  3  4  5  6  7  8  9 10 11 |
---------------+----------------------------------+-----
Fighting       | 3 4 5 7 8 10 12 | 12.2
Maces & Flails | 3 4 5 7 8 10 12 | 12.2
Armour         | 3 4 5 6 8 10 | 10.0
Dodging        | |  1.3

Action                   |  1- 3 |  4- 6 |  7- 9 | 10-12 || total
-------------------------+-------+-------+-------+-------++-------
Melee: Mace              |   126 |   186 |   248 |       ||   560
       Tailslap          |    15 |    22 |    59 |    47 ||   143
       Punch             |     1 |       |       |       ||     1
       Flail             |       |       |    71 |       ||    71
       Morningstar       |       |       |    12 |   406 ||   418
Invok: Berserk           |       |     1 |     2 |     1 ||     4
Evoke: Wand              |       |       |     3 |       ||     3
  Use: Scroll            |       |     9 |     3 |     2 ||    14
 Stab: Invisible         |       |       |     1 |       ||     1
Armor: Animal skin       |    14 |       |       |       ||    14
       Plate armour      |    75 |    50 |       |       ||   125
       Ice dragon scales |       |    78 |   182 |   256 ||   516
Dodge: Dodged            |    31 |    63 |   103 |   170 ||   367
Block: Buckler           |     6 |    24 |    90 |   172 ||   292
       Reflection        |       |       |     1 |    10 ||    11

Table legend: (Time is in decaauts)
 A = Elapsed time spent in this place.
 B = Non-inter-level travel time spent in this place.
 C = Inter-level travel time spent in this place.
 D = Time resting spent in this place.
 E = Time spent auto-exploring this place.
 F = Levels seen in this place.
 G = Mean time per level.
                   A        B        C        D        E       F      G
               +--------+--------+--------+--------+--------+-----+--------+
         Total |  12139 |  11490 |    649 |    105 |   9280 |  12 | 1011.6 |
       Dungeon |  12139 |  11490 |    649 |    105 |   9280 |  12 | 1011.6 |
               +--------+--------+--------+--------+--------+-----+--------+

Top non-repeatable levels by time:
     D:6: 1436 daAuts
     D:4: 1315 daAuts
    D:11: 1313 daAuts
    D:10: 1271 daAuts
     D:5: 1251 daAuts
     D:3: 1032 daAuts
     D:9: 940 daAuts
     D:7: 903 daAuts
     D:8: 803 daAuts
     D:2: 734 daAuts
     D:1: 725 daAuts
    D:12: 412 daAuts
